 Dungeon Crawl Stone Soup version 0.31-a0-691-g409c26aa35 (webtiles) character file.

Game seed: 18060785714287201808

618 LeprechaunX the Changeling (level 7, -8/46 HPs)
             Began as an Octopode Shapeshifter on Sept 6, 2023.
             Killed from afar by an electric eel (11 damage)
             ... with a bolt of electricity
             ... on level 4 of the Dungeon.
             The game lasted 00:07:30 (4360 turns).

LeprechaunX the Changeling (Octopode Shapeshifter)  Turns: 4360, Time: 00:07:31

Health: -8/46      AC:  1    Str: 15    XL:     7   Next: 45%
Magic:  8/8        EV: 14    Int: 12    God:
Gold:   228        SH:  0    Dex: 12    Spells: 6/8 levels left

rFire   . .          .
                       - Unarmed
rCold   + + .        (no shield)
rNeg    . . .        (helmet currently unavailable)
rPois   .            (no amulet)
rElec   .            j - ring of protection from cold
rCorr   .            k - ring of protection from cold
SInv    .            (no ring)
Will    .....        (no ring)
Stlth   ++           (no ring)
HPRegen 0.27/turn    (no ring)
MPRegen 0.11/turn    (no ring)
                     (no ring)

%: no passive effects
@: beast-form
A: beast (slay +2), almost no armour, amphibious, 8 rings, camouflage 1,
gelatinous body 1, (nimble swimmer 1), tentacles
a: Begin Untransformation


You were on level 4 of the Dungeon.
You were a hulking beast.
You visited 1 branch of the dungeon, and saw 4 of its levels.

You collected 228 gold pieces.

Inventory:

Missiles
 f - 2 boomerangs (quivered)
Armour
 r - a +2 hat
Jewellery
 j - a ring of protection from cold (left tentacle)
 k - a ring of protection from cold (right tentacle)
Talismans
 b - a beast talisman (active)
 c - a flux talisman
 t - a blade talisman
 z - a serpent talisman
Wands
 l - a wand of acid (9)
 A - a wand of flame (12)
Scrolls
 d - 2 scrolls of vulnerability {unknown}
 e - a scroll of identify {unknown}
 g - 2 scrolls of fog {unknown}
 m - 2 scrolls of revelation {unknown}
 p - a scroll of immolation {unknown}
 q - a scroll of teleportation {unknown}
 u - a scroll of noise {unknown}
 y - a scroll of enchant armour {unknown}
Potions
 a - a potion of lignification
 h - 3 potions of enlightenment {unknown}
 i - 2 potions of curing {unknown}
 o - a potion of ambrosia {unknown}
 s - 2 potions of heal wounds {unknown}
 v - a potion of magic {unknown}
 w - a potion of brilliance {unknown}
 x - a potion of mutation {unknown}


   Skills:
 + Level 3.2 Fighting
 + Level 3.8 Dodging
 + Level 4.3 Unarmed Combat
 + Level 1.2 Spellcasting
 + Level 1.5 Transmutations
 * Level 5.1 Shapeshifting


You had 6 spell levels left.
You knew the following spells:

 Your Spells              Type           Power      Damage    Failure   Level
a - Wereblood             Tmut           4%         N/A       24%         2

Your spell library contained the following spells:

 Spells                   Type           Power      Damage    Failure   Level
 Kiss of Death            Conj/Necr      0%         2d5       30%         1
 Sublimation of Blood     Necr           0%         N/A       41%         2
 Confusing Touch          Hex            0%         N/A       65%         3
 Dispel Undead            Necr           0%         3d6       96%         4
 Conjure Ball Lightning   Conj/Air       0%         3x3d6     100%        6
 Summon Hydra             Summ           0%         N/A       100%        7
 Discord                  Hex            0%         N/A       100%        8
 Disjunction              Tloc           0%         N/A       100%        8


Dungeon Overview and Level Annotations

Branches:
Dungeon (4/15)
 Temple: D:4-7

Altars:

Shops:
D:3 *   D:4 (

Annotations:
D:3 1 runed translucent door, awesomeguy42's ghost, weakling HuNe
D:4 1 transporter


Innate Abilities, Weirdness & Mutations

You are a hulking beast.
Your limbs bulge with bestial killing power. (Slay +2)
You cannot wear most types of armour.
You are amphibious.
You can wear up to eight rings at the same time.
Your skin changes colour to match your surroundings (Stealth+).
Your rubbery body absorbs attacks. (AC +1, EV +1)
((You are camouflaged when in or above water. (Stealth+)))
You have tentacles for arms and can constrict up to eight enemies at once.


Message History

The bolt of electricity hits you! The bolt of electricity misses you.
Throw: 2 boomerangs
Press: ? - help, Q - select action, (/) - cycle Shift-Dir - straight line, f/p - electric eel
Aim: an electric eel (ally target, 40% to hit)
You throw a boomerang.
The boomerang completely misses the electric eel.
Unknown command.
Unknown command.
Throw: 2 boomerangs
Press: ? - help, Q - select action, (/) - cycle Shift-Dir - straight line, f/p - electric eel
Aim: an electric eel (ally target, 40% to hit)
You throw a boomerang. The boomerang hits the electric eel!
The electric eel is heavily wounded.
Throw: 2 boomerangs
Press: ? - help, Q - select action, (/) - cycle Shift-Dir - straight line, f/p - electric eel
Aim: an electric eel (heavily wounded, ally target, 40% to hit)
You throw a boomerang. The boomerang hits the electric eel.
The electric eel is heavily wounded.
Throw: 2 boomerangs
Press: ? - help, Q - select action, (/) - cycle Shift-Dir - straight line, f/p - electric eel
Aim: an electric eel (heavily wounded, ally target, 40% to hit)
You throw a boomerang. The boomerang misses the electric eel.
Throw: 2 boomerangs
Press: ? - help, Q - select action, (/) - cycle Shift-Dir - straight line, f/p - electric eel
Aim: an electric eel (heavily wounded, ally target, 40% to hit)
You throw a boomerang.
The boomerang barely misses the electric eel.
Throw: 2 boomerangs
Press: ? - help, Q - select action, (/) - cycle Shift-Dir - straight line, f/p - electric eel
Aim: an electric eel (heavily wounded, ally target, 40% to hit)
You throw a boomerang.
The boomerang barely misses the electric eel.
The electric eel shoots out a bolt of lightning at you!
The bolt of electricity hits you! x2
* * * LOW HITPOINT WARNING * * *
The electric eel shoots out a bolt of lightning at you!
The bolt of electricity hits you!
* * * LOW HITPOINT WARNING * * *
The bolt of electricity hits you!
You die...

....##...........# #.#
###.##.#########.# #.# #
#.##.#########.###### #.#
###.).................# #.#
.)..###############.#.# #.#
.##.#8P#~~~~~SS#~8#.#.# #.#
.#..#..#.......#..#...# #.#
...©#©|+...♣...'.©#©..####.#
##..#..#.......#h.#........#
##.#8P#~~~~~~S#~8#.#.######
#.###############.#.#
#.................#.#
###...###############.#
.......# #.# .####..# #.# .#
#..# #.# .# #..# #.#


You could see 2 electric eels and a friendly electric eel (charmed).

Vanquished Creatures
  Grinder (D:3)
  2 scorpions
  A sleepcap (D:4)
  Jessica (D:3)
  Ijyb (D:3)
  An iguana (D:4)
  9 adders
  4 worms
  2 orcs
  10 ball pythons
  6 bats
  12 endoplasms
  6 giant cockroaches
  9 goblins
  12 hobgoblins
  10 jackals
  12 kobolds
  3 quokkas
  5 frilled lizards
  11 rats
118 creatures vanquished.

Notes
Turn   | Place    | Note
-------+----------+-------------------------------------------
     0 | D:1      | LeprechaunX the Octopode Shapeshifter began the quest for
                  | the Orb.
     0 | D:1      | Reached XP level 1. HP: 13/13 MP: 1/1
   193 | D:1      | Reached XP level 2. HP: 17/18 MP: 2/2
   505 | D:1      | Reached XP level 3. HP: 23/23 MP: 3/3
  1293 | D:2      | Reached XP level 4. HP: 25/29 MP: 4/4
  1638 | D:2      | Found a faded altar of an unknown god.
  1773 | D:3      | Found a runed translucent door.
  1774 | D:3      | Noticed Jessica
  1777 | D:3      | Killed Jessica
  1778 | D:3      | Reached skill level 4 in Shapeshifting
  1778 | D:3      | Reached XP level 5. HP: 34/34 MP: 5/5
  1789 | D:3      | Noticed awesomeguy42's ghost (weakling HuNe)
  2054 | D:3      | Found Ilutabea's General Store.
  2144 | D:3      | Noticed Ijyb
  2162 | D:3      | Killed Ijyb
  2163 | D:3      | Reached XP level 6. HP: 24/41 MP: 6/6
  2265 | D:3      | Learned a level 2 spell: Wereblood
  2658 | D:3      | Noticed Grinder
  2673 | D:3      | Killed Grinder
  2674 | D:3      | Reached skill level 1 in Spellcasting
  2674 | D:3      | Reached skill level 1 in Transmutations
  2674 | D:3      | Reached skill level 5 in Shapeshifting
  2674 | D:3      | Reached XP level 7. HP: 19/46 MP: 6/8
  2971 | D:4      | Found Dud Usi's Antique Weapon Shop.
  2992 | D:4      | Found a transporter.
  3059 | D:4      | Found a transporter.
  4360 | D:4      | Killed from afar by an electric eel

Illustrated notes

Levels and vault maps discovered:
D:1:      amcnicky_arrival_wind_blow, layout_basic, serial_park_tiny_2,
          st_stairs_8, lexackson_kobold_supper
D:2:      layout_loops_ring, shapermc_ecumenical_altar_mp_vishouse,
          grunt_ministairs_14
D:3:      kennysheep_the_goblin_king, layout_loops_ring, ebering_ghost_sewer_d,
          serial_shops, nicolae_shop_hallway_plus, minmay_joined_circles,
          uniq_jessica, uniq_grinder, uniq_ijyb
D:4:      gammafunk_steamed_eel, layout_loops_ring, serial_shops, shop

Skill      XL: |  1  2  3  4  5  6 |
---------------+-------------------+-----
Fighting       | 2 3 |  3.2
Shapeshifting  | 4 5 |  5.1
Dodging        | 3 |  3.8
Unarmed Combat | 4 |  4.3
Spellcasting   | 1 |  1.2
Transmutations | 1 |  1.5

Action                     |  1- 3 |  4- 6 |  7- 9 || total
---------------------------+-------+-------+-------++-------
  Melee: Unarmed           |    85 |   119 |    33 ||   237
         Constrict         |    18 |    28 |     8 ||    54
         Punch             |     3 |     4 |     2 ||     9
         Tentacles         |    12 |    24 |     8 ||    44
  Throw: Boomerang         |       |       |     6 ||     6
  Evoke: Wand              |       |       |    13 ||    13
   Stab: Sleeping          |     8 |     9 |     7 ||    24
 Armour: Skin              |    30 |    39 |    25 ||    94
  Dodge: Dodged            |    40 |    65 |    19 ||   124

Table legend: (Time is in decaauts)
 A = Elapsed time spent in this place.
 B = Non-inter-level travel time spent in this place.
 C = Inter-level travel time spent in this place.
 D = Time resting spent in this place.
 E = Time spent auto-exploring this place.
 F = Levels seen in this place.
 G = Mean time per level.
                   A        B        C        D        E       F      G
               +--------+--------+--------+--------+--------+-----+--------+
         Total |   4344 |   4130 |    214 |    553 |   2904 |   4 | 1086.0 |
       Dungeon |   4344 |   4130 |    214 |    553 |   2904 |   4 | 1086.0 |
               +--------+--------+--------+--------+--------+-----+--------+

Top non-repeatable levels by time:
     D:4: 1393 daAuts
     D:3: 1187 daAuts
     D:1: 982 daAuts
     D:2: 780 daAuts
